 Dungeon Crawl Stone Soup version 0.17-a0-2055-gb4e23be (webtiles) character file.

170 SlimeFever the Insei (level 5, -1/41 HPs)
             Began as a Demonspawn Monk on Oct 11, 2015.
             Killed by nerve-wracking pain
             ... invoked by Conn321's ghost
              (12 damage)
             ... on level 3 of the Dungeon.
             The game lasted 00:11:21 (1556 turns).

SlimeFever the Insei (Demonspawn Monk)              Turns: 1556, Time: 00:11:22

Health: -1/41      AC:  2    Str: 12    XL:     5   Next: 26%
Magic:  5/5        EV: 14    Int: 11    God:
Gold:   112        SH:  0    Dex: 16    Spells: 0 memorised, 4 levels left

rFire  . . .     SeeInvis .       - Unarmed
rCold  . . .     Clarity  .     a - +0 robe
rNeg   . . .     SustAt   .     (no shield)
rPois  .         Gourm    .     (no helmet)
rElec  .         Spirit   .     (no cloak)
rCorr  .         Warding  .     (no gloves)
rMut   .         Stasis   .     (no boots)
MR     .....                    (no amulet)
Stlth  ++........               (no ring)
                                (no ring)

@: not resistant to hostile enchantments, unstealthy
A: powered by death 1, spiny 2
a: no special abilities


You were on level 3 of the Dungeon.
You were not hungry.

You visited 1 branch of the dungeon, and saw 3 of its levels.

You collected 112 gold pieces.

Inventory:

Hand Weapons
 k - a +0 blowgun
Missiles
 f - 10 bolts
 j - 46 sling bullets
 l - 6 poisoned needles
Armour
 a - a +0 robe (worn)
Scrolls
 d - a scroll of identify
Potions
 c - a potion of curing
 e - 2 potions of might
 g - a potion of lignification {unknown}
 h - a potion of agility {unknown}
 m - a potion of flight {unknown}
Comestibles
 b - 5 bread rations


   Skills:
 + Level 3.4 Fighting
 * Level 3.8 Dodging
 + Level 2.2 Stealth
 * Level 4.9 Unarmed Combat


You had 4 spell levels left.
You didn't know any spells.

Dungeon Overview and Level Annotations

Branches:
Dungeon (3/15)

Altars:
Ru
Sif Muna

Annotations:
D:3 Conn321's ghost, amateur HONe


Innate Abilities, Weirdness & Mutations

You regenerate a little health from kills.
You are mostly covered in sharp spines.


Message History

Conn321's ghost is infused with unholy energy.
Conn321's ghost draws life force from you and is healed!
You hit Conn321's ghost.
Conn321's ghost is moderately damaged.
Conn321's ghost is infused with unholy energy.
* * * LOW HITPOINT WARNING * * *
Conn321's ghost draws life force from you and is healed!
You hit Conn321's ghost.
Conn321's ghost is moderately damaged.
Conn321's ghost is infused with unholy energy.
* * * LOW HITPOINT WARNING * * *
Conn321's ghost draws life force from you and is healed!
As you read the scroll labeled REXUGR VIDES, it crumbles to dust.
You hear a loud clanging noise!
It was a scroll of noise.
You hear a shout! x2
You feel less regenerative.
Conn321's ghost gestures at you while chanting.
Pain shoots through your body!
You die...

#####
########...###########
)(..............@.W..####
#)#######.##########....#
..).## #.######## #.##.#
...#8####.#......# ####†#
#(#..#.##.#......# ...
#[......#)#.###### ##.##
#.8.#.###....# ...
....#.##.....# #)#
..##.##.#.#..# ...


You could see Conn321's ghost.

Vanquished Creatures
  Jessica (D:3)
  Robin (D:2)
  3 adders
  3 oozes
  2 worms (D:2)
  2 giant geckos (D:1)
  3 orcs (D:3)
  14 hobgoblins
  9 jackals
  A quokka (D:2)
  A ball python (D:2)
  6 bats
  2 giant cockroaches (D:1)
  5 giant newts
  16 goblins
  5 kobolds
  8 rats
82 creatures vanquished.

Notes
Turn   | Place    | Note
--------------------------------------------------------------
     0 | D:1      | SlimeFever the Demonspawn Monk began the quest for the Orb.
     0 | D:1      | Reached XP level 1. HP: 18/18 MP: 1/1
   138 | D:1      | Gained mutation: You are partially covered in sharp spines. [demonic ancestry]
   138 | D:1      | Reached XP level 2. HP: 24/24 MP: 2/2
   299 | D:1      | Reached skill level 4 in Unarmed Combat
   817 | D:2      | Gained mutation: You are mostly covered in sharp spines. [demonic ancestry]
   817 | D:2      | Reached XP level 3. HP: 25/29 MP: 3/3
   964 | D:2      | Noticed Robin
   986 | D:2      | Killed Robin
   988 | D:2      | Gained mutation: You regenerate a little health from kills. [demonic ancestry]
   988 | D:2      | Reached XP level 4. HP: 7/35 MP: 4/4
  1298 | D:3      | Found a deep blue altar of Sif Muna.
  1462 | D:3      | Reached XP level 5. HP: 39/41 MP: 5/5
  1502 | D:3      | Noticed Jessica
  1508 | D:3      | Killed Jessica
  1540 | D:3      | Noticed Conn321's ghost (amateur HONe)
  1541 | D:3      | Found a sacrificial altar of Ru.
  1548 | D:3      | HP: 2/41 [Conn321's ghost/vampiric draining (11)]
  1556 | D:3      | Killed from afar by Conn321's ghost

Vault maps used:
D:1:      lightli_arrival_maybe_door_vault, minmay_misc_feat_enclosed,
          hangedman_decor_lopped, minmay_quantized
D:2:      first_bread, uniq_robin
D:3:      lemuel_blue_sif_altar, nicolae_ru_sacrificial_ziggurat,
          guppyfry_early_orc_mine, uniq_jessica, uniq_sigmund

Action                   |  1- 3 |  4- 6 || total
-------------------------+-------+-------++-------
Melee: Unarmed           |    73 |    47 ||   120
  Use: Scroll            |     2 |     3 ||     5
 Stab: Sleeping          |     4 |     2 ||     6
       Distracted        |     1 |       ||     1
  Eat: Meat ration       |       |     1 ||     1
